 Dungeon Crawl Stone Soup version 0.25.1-9-gc5326a611f (webtiles) character file.

Game seed: 16190392314730932853

1875 DildoBatman the Conjurer (level 9, -2/61 HPs)
             Began as a Formicid Wizard on Dec 30, 2020.
             Was a Believer of Kikubaaqudgha.
             Slain by Maggie
             ... wielding a +0 scimitar of draining
              (5 damage)
             ... on level 7 of the Dungeon.
             The game lasted 00:26:05 (7327 turns).

DildoBatman the Conjurer (Formicid Wizard)          Turns: 7327, Time: 00:26:06

Health: -2/61      AC: 10    Str:  3 (12) XL:     9   Next: 36%
Magic:  7/17       EV:  2    Int: 16 (21) God:    Kikubaaqudgha [**....]
Gold:   261        SH:  0    Dex: -4 (9)  Spells: 12/19 levels left

rFire    . . .     SeeInvis +   b - +2 dagger (drain)
rCold    . . .     Gourm    .   (no shield)
rNeg     . . .     Faith    .   f - +2 ring mail {rPois}
rPois    +         Spirit   .   (helmet unavailable)
rElec    .         Reflect  .   g - +0 cloak
rCorr    .         Harm     .   I - +0 pair of gloves (curse)
MR       .....                  B - +0 pair of boots
Stlth    ..........             (no amulet)
HPRegen  0.20/turn              (no ring)
MPRegen  0.15/turn              (no ring)

@: very slightly contaminated, slowed, lost dexterity, very slow
A: permanent stasis, dig shafts and tunnels, four strong arms, antennae 3
a: Dig, Shaft Self, Receive Corpses, Renounce Religion


You were on level 7 of the Dungeon.
You worshipped Kikubaaqudgha.
Kikubaaqudgha was pleased with you.
You were very hungry.

You visited 2 branches of the dungeon, and saw 8 of its levels.

You collected 261 gold pieces.

Inventory:

Hand Weapons
 a - a +2 short sword of electrocution
 b - a +2 dagger of draining (weapon)
 c - a +0 hunting sling
 d - a +2 whip of pain
 y - a +2 mace of holy wrath
Missiles
 h - 52 sling bullets
 i - 52 arrows
 j - 239 stones (quivered)
 n - 47 bolts
 r - a throwing net
 u - 5 atropa-tipped darts
 E - 30 poisoned darts
 J - 2 boomerangs
Armour
 f - a +2 ring mail of poison resistance (worn)
 g - a +0 cloak (worn)
 B - a +0 pair of boots (worn)
 H - a +1 robe of cold resistance
 I - a cursed +0 pair of gloves (worn)
Scrolls
 l - 2 scrolls of fog
 m - a scroll of fear {unknown}
 o - 2 scrolls of immolation
 x - 4 scrolls of remove curse
 z - 6 scrolls of identify
 C - a scroll of magic mapping
 D - a scroll of enchant weapon {unknown}
 G - a scroll of amnesia {unknown}
 L - a scroll of random uselessness {unknown}
Potions
 e - 2 potions of curing
 k - a potion of haste {unknown}
 p - a potion of invisibility {unknown}
 q - a potion of degeneration {unknown}
 s - a potion of brilliance {unknown}
 t - a potion of stabbing {unknown}
 w - a potion of mutation {unknown}
 A - a potion of lignification {unknown}
 F - a potion of cancellation {unknown}
Comestibles
 v - 12 rations
 K - a chunk of flesh


   Skills:
 - Level 2.0 Fighting
 - Level 2.0 Armour
 - Level 1.7 Dodging
 - Level 2.4 Stealth
 * Level 5.6 Spellcasting
 - Level 6.0 Conjurations
   Level 1.0 Summonings
   Level 0.8 Translocations
 * Level 4.7 Fire Magic
 - Level 4.0 Air Magic
 - Level 4.0 Poison Magic


You had 12 spell levels left.
You knew the following spells:

 Your Spells              Type           Power        Failure   Level  Hunger
a - Conjure Flame         Conj/Fire      ###.....     34%         3    ##.....
c - Magic Dart            Conj           ###.         9%          1    None
e - Mephitic Cloud        Conj/Pois/Air  ###.....     43%         3    ##.....

Your spell library contained the following spells:

 Spells                   Type           Power        Failure   Level  Hunger
 Animate Skeleton         Necr           N/A          71%         1    None
 Pain                     Necr           #...         71%         1    None
 Call Imp                 Summ           #.......     71%         2    #......
 Slow                     Hex            #.......     85%         2    #......
 Sublimation of Blood     Necr           #.........   85%         2    #......
 Vampiric Draining        Necr           #.........   97%         3    ##.....
 Blink                    Tloc           Unusable     N/A         2    N/A

Dungeon Overview and Level Annotations

Branches:
Dungeon (7/15)             Temple (1/1) D:6

Altars:
Ashenzari
Cheibriados
Dithmenos
Elyvilon
Fedhas
Gozag
Hepliaklqana
Kikubaaqudgha
Makhleb
Nemelex Xobeh
Okawaru
Qazlal
Ru
Sif Muna
Trog
Uskayaw
Vehumet
Wu Jian
Xom
Yredelemnul
Zin
The Shining One

Portals:
Ossuary: D:7

Annotations:
D:6 2 runed translucent doors, Tali's ghost, novice DsBe
D:7 Maggie


Innate Abilities, Weirdness & Mutations

You cannot be hasted, slowed, berserked, paralysed or teleported.
You can dig through walls and to a lower floor.
Your four strong arms can wield two-handed weapons with a shield.
You have a pair of large antennae on your head. (SInv)


Message History

You hear a shout!
Casting: Conjure Flame (dangerous; 34% risk of failure)
Confirm with . or Enter, or press ? or * to list all spells.
You miscast Conjure Flame.
You are blasted with magical energy!
You dig through the rock wall.
You dig through the rock wall.
You dig through the rock wall.
An orc priest comes into view. It is wielding a +0 whip.
Casting: Conjure Flame (dangerous; 34% risk of failure)
Confirm with . or Enter, or press ? or * to list all spells.
Aiming: Mephitic Cloud (dangerous; 43% risk of failure)
Press: ? - help, Shift-Dir - straight line, f/p - Maggie
Aim: Maggie, wielding a +0 scimitar of draining and wearing +0 steam dragon scales You miscast Mephitic Cloud.
You feel a strange surge of energy!
You are feeling very hungry.
Maggie hits you with a +0 scimitar of draining.
You die...
Kikubaaqudgha rasps: "You have failed me!
Welcome... death!"

### ##@# #### ##@####..##
#o###.....### *
##.#.##.<...#*******
##{#####.......,,,, ##.##
*#....##**** ##.##
*..#.#****, *****#.##
*,...#*,,,,
*#..8.{##********,....,,**,


You could see Maggie and an orc priest.

Vanquished Creatures
  Duvessa (D:4)
  A water moccasin (D:5)
  2 orc warriors
  5 ogres
  A bullfrog (D:6)
  Dowan (D:4)
  A killer bee (D:6)
  4 crimson imps
  A bullfrog zombie (D:6)
  A jelly (D:5)
  6 orc priests
  A bullfrog skeleton (D:6)
  An iguana (D:5)
  5 orc wizards
  2 worker ants (D:6)
  A hound zombie (D:6)
  8 gnolls
  9 adders
  2 shadow imps (D:6)
  3 oozes
  An adder zombie (D:6)
  3 worms
  3 dart slugs
  5 leopard geckos
  23 orcs
  A ball python (D:2)
  5 giant cockroaches
  9 goblins
  7 hobgoblins
  11 jackals
  12 kobolds
  2 quokkas
  11 bats
  7 frilled lizards
  6 rats
162 creatures vanquished.

Vanquished Creatures (others)
  A bullfrog (D:6)
  A worker ant (D:6)
2 creatures vanquished.

Grand Total: 164 creatures vanquished

Notes
Turn   | Place    | Note
-------+----------+-------------------------------------------
     0 | D:1      | DildoBatman the Formicid Wizard began the quest for the
                  | Orb.
     0 | D:1      | Reached XP level 1. HP: 13/13 MP: 4/4
    32 | D:1      | Reached skill level 1 in Conjurations
   222 | D:1      | Reached XP level 2. HP: 19/19 MP: 0/6
   416 | D:1      | Reached skill level 2 in Conjurations
   602 | D:1      | Reached XP level 3. HP: 22/24 MP: 0/7
  1322 | D:2      | Found a faded altar of an unknown god.
  1402 | D:2      | Reached skill level 3 in Conjurations
  1499 | D:2      | Reached XP level 4. HP: 25/30 MP: 0/8
  1565 | D:2      | Became a worshipper of Cheibriados the Contemplative
  1565 | D:2      | Reached * piety under Cheibriados
  1566 | D:2      | Fell from the grace of Cheibriados
  1671 | D:2      | Found a shimmering altar of Xom.
  1802 | D:2      | Found an ancient bone altar of Kikubaaqudgha.
  1810 | D:2      | Became a worshipper of Kikubaaqudgha
  2310 | D:2      | Reached skill level 4 in Conjurations
  2310 | D:2      | Reached XP level 5. HP: 35/35 MP: 3/9
  2442 | D:2      | Learned a level 3 spell: Conjure Flame
  2446 | D:2      | Learned a level 3 spell: Mephitic Cloud
  3030 | D:3      | Reached XP level 6. HP: 10/42 MP: 1/10
  3218 | D:3      | Reached * piety under Kikubaaqudgha
  3218 | D:3      | Identified Kikubaaqudgha's Tome of Evil Arts (Kikubaaqudgha
                  | gifted it to you on level 3 of the Dungeon)
  3218 | D:3      | Received a gift from Kikubaaqudgha
  3432 | D:3      | Found a bloodstained altar of Trog.
  3465 | D:3      | Found a sparkling altar of Nemelex Xobeh.
  3465 | D:3      | Found a faded altar of an unknown god.
  3478 | D:3      | Reached skill level 1 in Fighting
  3482 | D:3      | Found a faded altar of an unknown god.
  3486 | D:3      | Found a blossoming altar of Fedhas.
  3501 | D:3      | Found a hide-covered altar of Uskayaw.
  3653 | D:4      | Reached skill level 1 in Poison Magic
  3661 | D:4      | Reached skill level 1 in Armour
  3739 | D:4      | Noticed Duvessa
  3739 | D:4      | Noticed Dowan
  3749 | D:4      | Killed Dowan
  3749 | D:4      | Reached skill level 1 in Fire Magic
  3749 | D:4      | Reached skill level 1 in Air Magic
  3760 | D:4      | Killed Duvessa
  3760 | D:4      | Reached XP level 7. HP: 21/49 MP: 1/11
  4291 | D:5      | Entered Level 5 of the Dungeon
  4371 | D:5      | Reached skill level 5 in Conjurations
  4415 | D:5      | Noticed a water moccasin
  4437 | D:5      | Killed a water moccasin
  4551 | D:5      | Found a hazy altar of Hepliaklqana.
  4637 | D:5      | Reached XP level 8. HP: 51/56 MP: 11/13
  5733 | D:6      | Reached ** piety under Kikubaaqudgha
  5744 | D:6      | Lost dexterity.
  5860 | D:6      | Reached XP level 9. HP: 11/61 MP: 9/16
  6099 | D:6      | Reached skill level 6 in Conjurations
  6112 | D:6      | Reached skill level 5 in Spellcasting
  6406 | D:6      | Found a staircase to the Ecumenical Temple.
  6437 | Temple   | Entered the Ecumenical Temple
  6813 | D:6      | Found a runed translucent door.
  6816 | D:6      | Noticed Tali's ghost (novice DsBe)
  7148 | D:6      | Found a runed translucent door.
  7260 | D:6      | Was forgiven by Cheibriados
  7316 | D:7      | Found a sand-covered staircase.
  7316 | D:7      | Noticed Maggie
  7327 | D:7      | HP: 2/61 [something (8)]
  7327 | D:7      | Slain by Maggie

Illustrated notes

Levels and vault maps discovered:
D:1:      dpeg_arrival_brainrot, layout_loops_ring, hangedman_decor_push
D:2:      layout_basic, xom_teletrap_fun, lemuel_crystal_altar,
          chequers_ecumenical_altar_island
D:3:      layout_basic, bloody_trog, chequers_temple_overflow_minitemple,
          corexii_leaking_fountain
D:4:      layout_layer_cave, uniq_duvessa
D:5:      layout_basic, kennysheep_little_box, first_ration
D:6:      layout_basic, lemuel_temple_firewalk_b, ebering_ghost_sewer_f
D:7:      layout_rooms, nicolae_ossuary_entry_monument, serial_shops,
          nicolae_shop_competitors_out_of_business, uniq_maggie
Temple:   regret_index_temple_waves

Skill      XL: |  1  2  3  4  5  6  7  8  9 |
---------------+----------------------------+-----
Conjurations   | 1 2 3 4 5 6 |  6.0
Fighting       | 1 2 |  2.0
Poison Magic   | 1 2 4 |  4.0
Armour         | 1 2 |  2.0
Fire Magic     | 1 2 3 4 |  4.7
Air Magic      | 1 2 3 4 |  4.0
Spellcasting   | 4 5 |  5.6
Dodging        | |  1.7
Stealth        | |  2.4
Summonings     | |  1.0
Translocations | |  0.8

Action                   |  1- 3 |  4- 6 |  7- 9 || total
-------------------------+-------+-------+-------++-------
Melee: Dagger            |    28 |    61 |   204 ||   293
       Short sword       |       |       |    49 ||    49
 Fire: Hunting sling     |       |    38 |     5 ||    43
Throw: Stone             |     1 |       |       ||     1
 Cast: Magic Dart        |    73 |   104 |    53 ||   230
       Mephitic Cloud    |       |     4 |    32 ||    36
       Conjure Flame     |       |     1 |    13 ||    14
Invok: Renounce Religion |       |     1 |       ||     1
 Abil: Dig               |     1 |     5 |    15 ||    21
  Use: Potion            |       |     2 |       ||     2
       Scroll            |       |       |     8 ||     8
 Stab: Sleeping          |       |     2 |       ||     2
       Confused          |       |       |     1 ||     1
  Eat: Chunk             |     2 |    10 |    22 ||    34
Armor: Robe              |     9 |     3 |       ||    12
       Ring mail         |       |       |   173 ||   173
Dodge: Dodged            |    34 |    37 |    91 ||   162
